 Dungeon Crawl Stone Soup version 0.26-a0-712-ga5a9c9c9d0 (webtiles) character file.

Game seed: 12364342858255951955

41124 raph the Black Sun (level 14, -6/78 HPs)
             Began as a Tengu Conjurer on Nov 10, 2020.
             Was a High Priest of Kikubaaqudgha.
             Killed by divine providence
             ... invoked by Saint Roka
              (11 damage)
             ... on level 2 of the Orcish Mines.
             The game lasted 01:29:48 (27865 turns).

raph the Black Sun (Tengu Conjurer)                Turns: 27865, Time: 01:29:49

Health: -6/78      AC:  9    Str: 14    XL:     14   Next: 14%
Magic:  2/30       EV: 20    Int: 23    God:    Kikubaaqudgha [*****.]
Gold:   1491       SH: 10    Dex: 13    Spells: 1/35 levels left

rFire    . . .     SeeInvis +   a - staff of conjuration
rCold    . . .     Faith    .   K - +0 buckler
rNeg     . . .     Spirit   .   t - +2 robe {Archmagi}
rPois    .         Reflect  +   N - +0 mask of the Dragon {MR+ Slay+3 SInv}
rElec    .         Harm     .   T - +3 cloak "Ronezo" {Stlth+}
rCorr    .         Rampage  .   A - +0 pair of gloves
MR       ++...                  (boots unavailable)
Stlth    ++++......             z - amulet of reflection
HPRegen  0.23/turn              k - ring of wizardry
MPRegen  0.22/turn              M - +6 ring of strength

@: flying quickly and evasively, quick
A: beak, talons 3, able to fly
a: Stop Flying, Receive Corpses, Torment, Renounce Religion


You were on level 2 of the Orcish Mines.
You worshipped Kikubaaqudgha.
Kikubaaqudgha was extremely pleased with you.
You visited 4 branches of the dungeon, and saw 18 of its levels.

You collected 1593 gold pieces.
You spent 102 gold pieces at shops.

Inventory:

Hand Weapons
 b - a +4 short sword
 r - a +0 short sword
 E - the +3 dagger "Zorah" {drain, rPois Int+2}
   (You found it on level 4 of the Lair of Beasts)

   A truly terrible weapon, it drains the life of those it strikes.
   It affects your intelligence (+2).
   It protects you from poison.
 Q - the +10 short sword of Discord {venom, Stlth+}
   (You found it on level 5 of the Lair of Beasts)

   It poisons the flesh of those it strikes.
   It makes you more stealthy.
Missiles
 j - 30 poisoned darts
 w - 3 boomerangs of dispersal (quivered)
Armour
 g - the +5 robe of the Cockatrice {Rampage rCorr Dex+10}
   (You bought it in a shop on level 6 of the Dungeon)

   It affects your dexterity (+10).
   It provides partial protection from all sources of acid and corrosion.
   It bestows one free step when moving towards enemies.
 t - a +2 robe of the Archmagi (worn)
 A - a +0 pair of gloves (worn)
 K - a +0 buckler (worn)
 N - the +0 mask of the Dragon (worn) {MR+ Slay+3 SInv}
   (You found it on level 1 of the Lair of Beasts)

   It affects your accuracy and damage with ranged weapons and melee attacks
   (+3).
   It affects your resistance to hostile enchantments.
   It lets you see invisible.
 T - the +3 cloak "Ronezo" (worn) {Stlth+}
   (You acquired it on level 3 of the Lair of Beasts)

   It makes you more stealthy.
Magical Staves
 a - an uncursed staff of conjuration (weapon)
 F - an uncursed staff of death
Jewellery
 e - an uncursed ring of see invisible
 k - a ring of wizardry (left hand)
 q - an uncursed ring of protection from cold
 x - an uncursed ring of fire
 z - an amulet of reflection (around neck)
 M - a +6 ring of strength (right hand)
 S - the ring of the Final Decision {*Slow +Inv rPois Str-4 SInv}
   (You found it on level 3 of the Lair of Beasts)

   [ring of strength]

   It affects your strength (-4).
   It protects you from poison.
   It lets you see invisible.
   It lets you turn invisible.
   It may slow you when you take damage.
Wands
 s - a wand of random effects (27)
 y - a wand of disintegration (13)
 D - a wand of paralysis (7)
 J - a wand of polymorph (7)
 P - a wand of acid (2)
 R - a wand of flame (38)
Scrolls
 f - 4 scrolls of teleportation
 i - 2 scrolls of remove curse
 m - 2 scrolls of fog
 u - 4 scrolls of amnesia
 B - 2 scrolls of magic mapping
 H - 3 scrolls of enchant weapon
 I - a scroll of summoning
 L - a scroll of fear
Potions
 c - 4 potions of haste
 d - a potion of berserk rage
 h - a potion of ambrosia
 l - 3 potions of mutation
 n - 4 potions of lignification
 o - 2 potions of resistance
 p - 6 potions of stabbing
 v - 8 potions of curing
 C - 3 potions of flight
 O - a potion of might {unknown}


   Skills:
 + Level 5.3 Fighting
 + Level 3.7 Staves
 + Level 8.0 Dodging
 + Level 5.7 Stealth
 - Level 4.0 Shields
 + Level 11.2 Spellcasting
 * Level 11.8 Conjurations
 - Level 2.1 Hexes
 * Level 14.6 Necromancy
 - Level 2.7 Translocations
 + Level 5.4 Evocations


You had one spell level left.
You knew the following spells:

 Your Spells              Type           Power        Failure   Level
a - Magic Dart            Conj           ####         1%          1
b - Searing Ray           Conj           ######       1%          2
c - Dazzling Flash        Conj/Hex       ######       1%          3
d - Fulminant Prism       Conj/Hex       #######...   1%          4
e - Iskenderun's Mystic   Conj/Tloc      #######.     1%          4
f - Sublimation of Blood  Necr           #######...   0%          2
g - Vampiric Draining     Necr           #######...   1%          3
h - Agony                 Necr           #######.     1%          5
i - Borgnjor's Vile Clut  Necr/Erth      ######....   2%          5
j - Animate Dead          Necr           #######...   1%          4
k - Apportation           Tloc           #####.       1%          1

Your spell library contained the following spells:

 Spells                   Type           Power        Failure   Level
 Animate Skeleton         Necr           ######       0%          1
 Pain                     Necr           ####         0%          1
 Beastly Appendage        Tmut           ###...       1%          1
 Corona                   Hex            ####...      1%          1
 Summon Small Mammal      Summ           ###.         1%          1
 Gell's Gravitas          Tloc           #####.....   1%          3
 Dispel Undead            Necr           #######.     1%          4
 Confusing Touch          Hex            ####....     2%          3
 Wereblood                Tmut           ###.....     3%          2
 Spider Form              Tmut/Pois      ###.......   6%          3
 Simulacrum               Ice/Necr       ######....   16%         6
 Ice Form                 Ice/Tmut       ###.....     21%         4
 Petrify                  Tmut/Erth      ###.....     21%         4
 Metabolic Englaciation   Hex/Ice        ####......   32%         5
 Yara's Violent Unravell  Hex/Tmut       ####......   32%         5
 Blade Hands              Tmut           ###.......   45%         5


Dungeon Overview and Level Annotations

Branches:
Dungeon (10/15)            Temple (1/1) D:5            Lair (5/6) D:10
  Swamp (0/4) Lair:2       Spider (0/4) Lair:3          Orc (2/2) D:9
    Elf (0/3) Orc:2
  Slime: Lair:5-6

Altars:
Ashenzari
Cheibriados
Dithmenos
Elyvilon
Fedhas
Gozag
Hepliaklqana
Kikubaaqudgha
Makhleb
Nemelex Xobeh
Okawaru
Qazlal
Ru
Sif Muna
Trog
Uskayaw
Vehumet
Wu Jian
Xom
Yredelemnul
Zin
The Shining One
Beogh

Shops:
D:6 [

Annotations:
Lair:2 1 exclusion
Orc:2 Saint Roka


Innate Abilities, Weirdness & Mutations

You have a beak for a mouth.
You have claws for feet.
You can fly continuously.


Message History

You don't have enough magic to cast that spell.
Evoke which item? (* to show all) (? for menu, Esc to quit)
Aiming: Corrosive Bolt
Press: ? - help, Shift-Dir - straight line, f/p - Saint Roka
Aim: Saint Roka, wielding a +5 battleaxe of flaming and wearing a +0 plate armour of cold resistance (almost dead, covered in acid)
The bolt of acid hits Saint Roka!!
Saint Roka is splashed with acid.
Saint Roka is almost dead.
Saint Roka calls down the wrath of Beogh upon you.
Beogh smites you!
* * * LOW HITPOINT WARNING * * *
You feel better.
Saint Roka invokes the aid of Beogh against you.
Beogh smites you!
* * * LOW HITPOINT WARNING * * *
As you read the scroll of fog, it crumbles to dust.
The scroll dissolves into smoke.
Saint Roka calls down the wrath of Beogh upon you.
Beogh smites you!
You die...
Kikubaaqudgha rasps: "You have failed me!
Welcome... death!"

##...#...#....#)...#..... ###
##.....###..)).)o.#....#
##.###.....##....##)#)..(....
*...###........#.###...).)...
###..#
##.#........###..###.[.
##....## #####...#§##
#######)[ ###......##
##....##§## ##...*
#.........###)....§o§§#
#.....
.......#.>#....)@#§§§§##
##....
....#.......[....#.§...#
##.#.
#...##.###..)........^.##
####
......###[).))...#......# #
.........[##.....#....###
##.......<###........##
#.......)# ##........##
##......####..........#
####.#.# #........#.##


You could see Saint Roka (corroded).

Vanquished Creatures
  Rupert (Lair:3)
  An orc warlord (Orc:1)
  Nessos (Lair:4)
  7 hydras
  2 catoblepae
  Urug (Orc:2)
  An orc high priest (Orc:2)
  A tengu warrior (D:10)
  2 orc knights (Orc:2)
  An oklob plant (Lair:4)
  2 orc sorcerers (Orc:2)
  12 elephants
  3 black mambas
  7 cane toads
  A rime drake (Lair:5)
  4 komodo dragons
  A tengu conjurer (D:10)
  6 trolls
  A polar bear (Lair:3)
  2 bog bodies (Lair:2)
  5 blink frogs (Lair:4)
  3 redbacks (Lair:3)
  2 wyverns
  22 yaks
  A fire elemental (Lair:2)
  A basilisk (Lair:3)
  2 steam dragons
  4 wargs
  7 water moccasins
  26 orc warriors
  4 sky beasts
  3 ice beasts
  2 black bears
  16 wolves
  9 ogres
  3 centaurs
  11 bullfrogs
  3 scorpions
  31 killer bees
  3 wights (D:8)
  A quasit (D:8)
  2 bullfrog zombies
  7 hounds
  14 orc priests
  21 orc wizards
  A gnoll shaman (D:10)
  Jessica (D:3)
  2 bullfrog skeletons
  5 hell rats (Lair:4)
  5 worker ants
  2 hound skeletons
  2 worker ant zombies (D:5)
  9 gnolls
  7 adders
  An ooze (D:3)
  2 worms
  2 adder skeletons
  An adder zombie (D:5)
  6 leopard geckos
  68 orcs
  A ball python (D:3)
  10 bats
  7 giant cockroaches
  7 hobgoblins
  7 jackals (D:5)
  3 quokkas
  4 frilled lizards
  7 goblins
  7 kobolds
  A quokka skeleton (D:6)
  6 rats
  A fulminant prism (Lair:2)
435 creatures vanquished.

Vanquished Creatures (collateral kills)
  A cane toad (Lair:3)
  A basilisk (Lair:2)
  A yak (Lair:1)
  2 water moccasins
  2 bullfrogs
  An orc wizard (Orc:2)
  A worker ant (D:9)
  A hound zombie (D:7)
  An adder zombie (D:9)
  3 orcs
  A goblin (D:7)
15 creatures vanquished.

Vanquished Creatures (others)
  114 fulminant prisms
  40 fungi
  77 plants
231 creatures vanquished.

Grand Total: 681 creatures vanquished

Notes
Turn   | Place    | Note
-------+----------+-------------------------------------------
     0 | D:1      | raph the Tengu Conjurer began the quest for the Orb.
     0 | D:1      | Reached XP level 1. HP: 10/10 MP: 4/4
   224 | D:1      | Reached XP level 2. HP: 15/15 MP: 4/6
   247 | D:1      | Learned a level 2 spell: Searing Ray
   929 | D:1      | Found a hazy altar of Hepliaklqana.
  1198 | D:2      | Reached XP level 3. HP: 12/19 MP: 3/7
  1498 | D:2      | Reached XP level 4. HP: 24/24 MP: 4/8
  1550 | D:2      | Learned a level 3 spell: Dazzling Flash
  1559 | D:2      | Found an iron altar of Okawaru.
  2609 | D:3      | Found a faded altar of an unknown god.
  2654 | D:3      | HP: 1/24 [poisoned by an adder]
  2734 | D:3      | Noticed Jessica
  2966 | D:3      | Killed Jessica
  2966 | D:3      | Gained mutation: You can fly continuously. [Tengu growth]
  2966 | D:3      | Reached XP level 5. HP: 28/28 MP: 6/10
  4651 | D:5      | Entered Level 5 of the Dungeon
  4657 | D:5      | Found a staircase to the Ecumenical Temple.
  4657 | D:5      | Noticed a sky beast
  4666 | D:5      | Killed a sky beast
  4666 | D:5      | Reached XP level 6. HP: 32/32 MP: 6/11
  4715 | D:5      | Learned a level 4 spell: Fulminant Prism
  4775 | Temple   | Entered the Ecumenical Temple
  4896 | Temple   | Became a worshipper of Kikubaaqudgha
  5259 | D:5      | Reached XP level 7. HP: 36/36 MP: 5/12
  5805 | D:5      | Reached skill level 1 in Hexes
  5805 | D:5      | Reached skill level 1 in Necromancy
  6609 | D:6      | Reached skill level 2 in Necromancy
  6669 | D:6      | Reached XP level 8. HP: 41/41 MP: 3/15
  7201 | D:6      | Reached * piety under Kikubaaqudgha
  7201 | D:6      | Identified Kikubaaqudgha's Collected Works on Darkness
                  | (Kikubaaqudgha gifted it to you on level 6 of the Dungeon)
  7201 | D:6      | Received a gift from Kikubaaqudgha
  7373 | D:6      | Learned a level 4 spell: Iskenderun's Mystic Blast
  7375 | D:6      | Learned a level 1 spell: Animate Skeleton
  7460 | D:6      | Reached skill level 3 in Necromancy
  7466 | D:6      | Reached skill level 1 in Translocations
  7572 | D:6      | Found Joonist's Antique Armour Shoppe.
  7576 | D:6      | Bought an ancient robe for 102 gold pieces
  7586 | D:6      | Identified the +5 robe of the Cockatrice {Rampage rCorr
                  | Dex+10} (You bought it in a shop on level 6 of the Dungeon)
  7692 | D:6      | Found a glowing silver altar of Zin.
  7692 | D:6      | Noticed an angel
  8160 | D:7      | Reached skill level 10 in Conjurations
  8760 | D:7      | Reached XP level 9. HP: 45/45 MP: 13/17
  8870 | D:7      | Reached skill level 4 in Necromancy
  8963 | D:7      | Identified a scroll of acquirement
  8963 | D:7      | Acquired an uncursed staff of conjuration
  9205 | D:7      | Found a hide-covered altar of Uskayaw.
  9449 | D:8      | Reached ** piety under Kikubaaqudgha
  9511 | D:8      | Reached skill level 5 in Spellcasting
  9562 | D:7      | Reached skill level 1 in Fighting
  9564 | D:7      | Reached skill level 1 in Evocations
  9952 | D:8      | Reached skill level 5 in Dodging
 10657 | D:8      | Learned a level 3 spell: Vampiric Draining
 10825 | D:8      | Reached XP level 10. HP: 53/53 MP: 4/19
 10825 | D:8      | Reached *** piety under Kikubaaqudgha
 10825 | D:8      | Identified Kikubaaqudgha's Tome of Evil Rituals
                  | (Kikubaaqudgha gifted it to you on level 8 of the Dungeon)
 10825 | D:8      | Received a gift from Kikubaaqudgha
 10927 | D:8      | Reached skill level 5 in Necromancy
 11358 | D:9      | Found a staircase to the Orcish Mines.
 11394 | D:9      | Noticed an elephant
 12071 | D:9      | Noticed an elephant
 12081 | D:9      | Killed an elephant
 12084 | D:9      | Killed an elephant
 12084 | D:9      | Reached skill level 1 in Staves
 12095 | D:9      | Reached skill level 6 in Necromancy
 12579 | D:9      | Noticed an elephant
 12597 | D:9      | Killed an elephant
 13211 | D:9      | Got a shimmering iron ring
 13346 | D:8      | Identified the ring of Twilight {*Tele rElec Dex+3} (You
                  | found it on level 9 of the Dungeon)
 13459 | D:9      | Reached skill level 7 in Necromancy
 13723 | D:9      | Noticed an elephant
 13738 | D:9      | Killed an elephant
 13738 | D:9      | Reached **** piety under Kikubaaqudgha
 13738 | D:9      | Reached XP level 11. HP: 60/60 MP: 1/22
 13956 | D:9      | Learned a level 5 spell: Agony
 14083 | D:10     | Entered Level 10 of the Dungeon
 14427 | D:10     | Noticed a tengu warrior
 14445 | D:10     | Killed a tengu warrior
 14446 | D:10     | Identified the +8 chain mail of Jiduy {rC+}
 14734 | Orc:1    | Entered Level 1 of the Orcish Mines
 15422 | D:10     | Reached skill level 1 in Shields
 15422 | D:10     | Reached skill level 8 in Necromancy
 15679 | D:10     | Found a staircase to the Lair.
 15867 | Lair:1   | Entered Level 1 of the Lair of Beasts
 16643 | Lair:1   | Noticed a four-headed hydra
 16658 | Lair:1   | Killed a four-headed hydra
 16908 | Lair:1   | Found the +0 mask of the Dragon {MR+ Slay+3 SInv}
 17197 | Lair:2   | Reached skill level 9 in Necromancy
 17377 | Lair:2   | Reached XP level 12. HP: 64/67 MP: 3/25
 17491 | Lair:2   | Found a staircase to the Swamp.
 17652 | Lair:2   | Noticed a four-headed hydra
 17665 | Lair:2   | Killed a four-headed hydra
 18017 | Lair:2   | Reached ***** piety under Kikubaaqudgha
 18020 | Lair:2   | Reached skill level 10 in Necromancy
 18083 | Lair:2   | Noticed a fire dragon
 18519 | Lair:3   | Found a stormy altar of Qazlal.
 18586 | Lair:3   | Noticed a catoblepas
 18586 | Lair:3   | Noticed a four-headed hydra
 18997 | Lair:3   | Learned a level 5 spell: Borgnjor's Vile Clutch
 19027 | Lair:3   | Noticed a four-headed hydra
 19032 | Lair:3   | Killed a four-headed hydra
 19323 | Lair:3   | Noticed a seven-headed hydra
 19409 | Lair:3   | Killed a seven-headed hydra
 19570 | Lair:3   | Got a shimmering lead ring
 19572 | Lair:3   | Identified the cursed ring of the Final Decision {*Slow
                  | +Inv rPois Str-4 SInv} (You found it on level 3 of the Lair
                  | of Beasts)
 19580 | Lair:3   | Reached skill level 11 in Necromancy
 20245 | Lair:3   | Killed a catoblepas
 20565 | Lair:3   | Acquired the +3 cloak "Ronezo" {Stlth+}
 20667 | Lair:3   | Found a hole to the Spider Nest.
 20682 | Lair:3   | Killed a four-headed hydra
 21286 | Lair:4   | Reached skill level 12 in Necromancy
 21314 | Lair:3   | Reached skill level 10 in Spellcasting
 21454 | Lair:4   | Noticed Rupert
 21590 | Lair:4   | Paralysed by Rupert for 2 turns
 21591 | Lair:4   | Noticed a four-headed hydra
 21608 | Lair:3   | Killed Rupert
 21608 | Lair:3   | Reached XP level 13. HP: 72/72 MP: 1/28
 21867 | Lair:4   | Reached skill level 13 in Necromancy
 22111 | Lair:4   | Learned a level 4 spell: Animate Dead
 22291 | Lair:4   | Noticed Nessos
 22323 | Lair:4   | Killed Nessos
 22885 | Lair:4   | Got an iridescent dagger
 22886 | Lair:4   | Identified the +3 dagger "Zorah" {drain, rPois Int+2} (You
                  | found it on level 4 of the Lair of Beasts)
 23423 | Lair:5   | Learned a level 1 spell: Apportation
 23459 | Lair:5   | Reached skill level 14 in Necromancy
 24178 | Lair:5   | Reached skill level 5 in Stealth
 24517 | Lair:5   | Got a glimmering short sword
 24518 | Lair:5   | Identified the +10 short sword of Discord {venom, Stlth+}
                  | (You found it on level 5 of the Lair of Beasts)
 25416 | Orc:1    | Noticed an orc warlord
 25436 | Orc:1    | Killed an orc warlord
 25436 | Orc:1    | Reached skill level 5 in Evocations
 25847 | Orc:2    | Entered Level 2 of the Orcish Mines
 25884 | Orc:2    | Reached skill level 5 in Fighting
 25940 | Orc:2    | Found a staircase to the Elven Halls.
 26010 | Orc:2    | Found a roughly hewn altar of Beogh.
 26485 | Orc:2    | Learned a level 2 spell: Sublimation of Blood
 26743 | Orc:2    | Reached XP level 14. HP: 78/78 MP: 4/30
 27619 | Orc:2    | Noticed Urug
 27734 | Orc:2    | Killed Urug
 27824 | Orc:2    | Noticed Saint Roka
 27865 | Orc:2    | Killed from afar by Saint Roka

Illustrated notes

Levels and vault maps discovered:
D:1:      dpeg_arrival_water_altar, layout_rooms, minmay_domino_4
D:2:      layout_basic, okawaru_gym_becter
D:3:      layout_loops_ring, chequers_ecumenical_altar_island,
          minmay_misc_feat_more_columns, uniq_jessica
D:4:      layout_gridville
D:5:      layout_basic, minmay_temple_entry_statues_fountains
D:6:      layout_basic, zin_angel, serial_shops, nicolae_shop_stone,
          lightli_corner_chamber
D:7:      layout_cave_pools, enter_bailey_3, basic_altar, sigmund_army
D:8:      layout_basic, serial_rivers, chequers_serial_rivers_small_b,
          chequers_serial_rivers_large_b, chequers_serial_rivers_micro_e,
          chequers_serial_rivers_small_3, chequers_serial_rivers_room_b,
          chequers_serial_rivers_small_a
D:9:      wad_woods_tower, layout_basic
D:10:     layout_basic, lair_entry_dummy, minivault_27
Temple:   compressed_dpeg_circular_temple
Lair:1:   layout_regular_city
Lair:2:   dragon1_lemuel, layout_chaotic_city, skrybe_swamp_entry_bodies
Lair:3:   layout_layer_cave, spider_nest_entry_webs, basic_altar,
          cheibrodos_lair_caveside_slide, nicolae_quartered_pool_medium
Lair:4:   layout_loops_ring, uniq_rupert, uniq_nessos
Lair:5:   layout_roguey
Orc:1:    layout_diamond_mine
Orc:2:    grunt_orc_cross, layout_diamond_mine, basic_altar, uniq_urug

Skill      XL: |  1  2  3  4  5  6  7  8  9 10 11 12 13 14 |
---------------+-------------------------------------------+-----
Conjurations   | 6 7 9 10 11 | 11.8
Dodging        | 3 5 6 7 8 |  8.0
Stealth        | 3 4 5 |  5.7
Spellcasting   | 3 4 5 7 8 10 11 | 11.2
Hexes          | 1 2 |  2.1
Necromancy     | 2 3 4 7 9 12 14 | 14.6
Translocations | 2 |  2.7
Fighting       | 2 3 4 5 |  5.3
Evocations     | 2 3 4 5 |  5.4
Staves         | 1 3 |  3.7
Shields        | 4 |  4.0

Action                   |  1- 3 |  4- 6 |  7- 9 | 10-12 | 13-15 || total
-------------------------+-------+-------+-------+-------+-------++-------
Melee: Short sword       |    12 |    14 |    28 |       |       ||    54
       Kick              |     2 |     3 |     9 |    21 |    11 ||    46
       Peck              |       |     4 |     5 |     8 |     9 ||    26
       Staff             |       |       |    38 |   105 |    61 ||   204
 Cast: Magic Dart        |    33 |    58 |    52 |    83 |    87 ||   313
       Searing Ray       |     2 |    14 |    30 |    47 |    10 ||   103
       Fulminant Prism   |       |       |    19 |    50 |    46 ||   115
       Animate Skeleton  |       |       |     8 |    40 |     5 ||    53
       Dazzling Flash    |       |       |     6 |       |       ||     6
       Iskenderun's Myst |       |       |    16 |    73 |    40 ||   129
       Vampiric Draining |       |       |       |     3 |       ||     3
       Agony             |       |       |       |     2 |       ||     2
       Borgnjor's Vile C |       |       |       |    13 |    42 ||    55
       Animate Dead      |       |       |       |       |    15 ||    15
       Apportation       |       |       |       |       |     1 ||     1
Invok: Receive Corpses   |       |       |       |     1 |       ||     1
       Torment           |       |       |       |       |     1 ||     1
 Abil: Fly               |       |     1 |       |       |       ||     1
Evoke: Wand              |       |       |       |     1 |     9 ||    10
  Use: Scroll            |       |    14 |     8 |     9 |     6 ||    37
       Potion            |       |       |     1 |     2 |     2 ||     5
 Stab: Sleeping          |     1 |       |     2 |       |     1 ||     4
       Distracted        |       |       |     1 |       |       ||     1
Armor: Robe              |     6 |       |    29 |    23 |    13 ||    71
Dodge: Dodged            |    17 |    19 |   123 |   160 |    73 ||   392
Block: Other             |       |       |    20 |    31 |       ||    51
       Reflection        |       |       |       |     3 |       ||     3
       Buckler           |       |       |       |    13 |    36 ||    49

Table legend: (Time is in decaauts)
 A = Elapsed time spent in this place.
 B = Non-inter-level travel time spent in this place.
 C = Inter-level travel time spent in this place.
 D = Time resting spent in this place.
 E = Time spent auto-exploring this place.
 F = Levels seen in this place.
 G = Mean time per level.
                   A        B        C        D        E       F      G
               +--------+--------+--------+--------+--------+-----+--------+
         Total |  26926 |  25861 |   1065 |  13885 |   7690 |  18 | 1495.9 |
       Dungeon |  15332 |  14580 |    752 |   7946 |   4515 |  10 | 1533.2 |
        Temple |    132 |    112 |     20 |      0 |     77 |   1 |  132.0 |
          Lair |   8703 |   8443 |    260 |   4399 |   2744 |   5 | 1740.6 |
  Orcish Mines |   2758 |   2726 |     32 |   1539 |    352 |   2 | 1379.0 |
               +--------+--------+--------+--------+--------+-----+--------+

Top non-repeatable levels by time:
  Lair:3: 3301 daAuts
     D:9: 2660 daAuts
     D:8: 2303 daAuts
     D:6: 2109 daAuts
   Orc:2: 1966 daAuts
  Lair:4: 1901 daAuts
  Lair:2: 1496 daAuts
     D:5: 1472 daAuts
     D:3: 1371 daAuts
     D:2: 1224 daAuts
     D:7: 1162 daAuts
  Lair:1: 1162 daAuts
    D:10: 1069 daAuts
     D:1: 994 daAuts
     D:4: 964 daAuts
